cohdb
Replays
Latest Replays
All Replays
Popular Replays
Top Player Replays
Match Explorer
How It Works
Community
CoH3 Stats
Reddit
Sign in to upload your games and track your stats! →
Sign in with Steam
Match 46032669
Unlisted
Match 46032669
Overview
Messages
Build Orders
End
Construct Barracks
Scout Squad
Selects Armored Battlegroup
Selects Veteran Crews
1⁄4-ton 4x4 Truck
Riflemen Squad
Riflemen Squad
Riflemen Squad
Infantry Support Center
Construct Motor Pool
M8 Greyhound Armored Car
Selects Fast Deploy
Engineer Squad
Construct Medical Station
Selects M8 Scott SPG
Grenade Package
Max1boy
蔚蓝之苍穹
0
0
Comments
sign in to comment!
No comments posted yet!